 Dungeon Crawl Stone Soup version 0.25.1-2-g60ff931df9 (webtiles) character file.

Game seed: 18334202316818080590

1 KyoPewz the Gusty (level 1, -1/10 HPs)
             Began as a Tengu Air Elementalist on Oct 2, 2020.
             Killed from afar by a dart slug (6 damage)
             ... with a slug dart
             ... on level 1 of the Dungeon.
             The game lasted 00:01:06 (233 turns).

KyoPewz the Gusty (Tengu Air Elementalist)           Turns: 233, Time: 00:01:07

Health: -1/10      AC:  2    Str:  8    XL:     1   Next: 20%
Magic:  4/4        EV: 12    Int: 15    God:
Gold:   0          SH:  0    Dex: 14    Spells: 3/4 levels left

rFire    . . .     SeeInvis .   (no weapon)
rCold    . . .     Gourm    .   (no shield)
rNeg     . . .     Faith    .   a - +0 robe
rPois    .         Spirit   .   (helmet restricted)
rElec    .         Reflect  .   (no cloak)
rCorr    .         Harm     .   (no gloves)
MR       .....                  (boots unavailable)
Stlth    ++........             (no amulet)
HPRegen  0.03/turn              (no ring)
MPRegen  0.09/turn              (no ring)

@: no status effects
A: beak, talons 3
a: no special abilities


You were on level 1 of the Dungeon.
You were not hungry.

You visited 1 branch of the dungeon, and saw 1 of its levels.

Inventory:

Armour
 a - a +0 robe (worn)
 b - a cursed +0 ring mail
   (You found it on level 1 of the Dungeon)
Comestibles
 e - a ration {!d}


   Skills:
 - Level 2.1 Dodging
 - Level 2.0 Stealth
 + Level 2.0 Spellcasting
 + Level 1.4 Conjurations
 * Level 4.0 Air Magic


You had 3 spell levels left.
You knew the following spells:

 Your Spells              Type           Power        Failure   Level  Hunger
a - Shock                 Conj/Air       #...         7%          1    #......

Your spell library contained the following spells:

 Spells                   Type           Power        Failure   Level  Hunger
 Swiftness                Chrm/Air       #.......     14%         2    ###....
 Static Discharge         Conj/Air       #.......     22%         3    ###....
 Airstrike                Air            ##........   38%         4    #####..
 Lightning Bolt           Conj/Air       #.........   89%         5    ######.


Dungeon Overview and Level Annotations

Branches:
Dungeon (1/15)

Altars:


Innate Abilities, Weirdness & Mutations

You have a beak for a mouth.
You have claws for feet.


Message History

You open the door.
There is an open door here.
You open the door.
There is an open door here.
You open the door.
There is an open door here.
Found a ring mail.
A ring mail.
The floor.
You see here a ring mail.
b - a ring mail A hobgoblin comes into view.
It is wielding a +0 club.
Aim: a hobgoblin, wielding a +0 club (asleep)
The zap hits the hobgoblin.
The hobgoblin shouts!
Aim: a hobgoblin, wielding a +0 club (lightly wounded)
The zap hits the hobgoblin.
A dart slug comes into view.
Aim: a hobgoblin, wielding a +0 club (moderately wounded)
The zap hits the hobgoblin.
You kill the hobgoblin!
The dart slug launches a dart at you. The slug dart hits you.
Aim: a dart slug The zap hits the dart slug.
The dart slug launches a dart at you. The slug dart hits you.
* * * LOW HITPOINT WARNING * * *
There is an open door here.
You close the door.
You start resting.
You start resting.
You open the door.
There is an open door here.
You see here a cursed +0 club.
c - a cursed +0 club Drop what? 4/52 slots (_ for help) (? for menu, Esc to quit)
You drop a cursed +0 club.
A dart slug comes into view.
The dart slug launches a dart at you. The slug dart hits you.
Ouch! That really hurt!
* * * LOW HITPOINT WARNING * * *
The dart slug launches a dart at you. The slug dart misses you.
Found a stone staircase leading down.
The dart slug launches a dart at you. The slug dart hits you.
Ouch! That really hurt!
You die...

#.. #.### # #.#.. .#
#.#.####.### ###########
#.#.#....... #.........#
#.#.#.......
####.........#####.#.#.......
..............@.....ww......>
###.........###.#)#.#.......
###...##### #.#.#.#.......
#...# #.#.#.#ww..... #...#
#.#.#......... #.###
#.#.###.......
######..########.#.# .......
≈≈≈≈≈≈≈≈.≈≈≈≈≈≈≈≈.#.# .......
≈####≈≈≈.≈≈≈####≈.#..


You could see 2 dart slugs.

Vanquished Creatures
  A hobgoblin (D:1)
1 creature vanquished.

Notes
Turn   | Place    | Note
-------+----------+-------------------------------------------
     0 | D:1      | KyoPewz the Tengu Air Elementalist began the quest for the
                  | Orb.
     0 | D:1      | Reached XP level 1. HP: 10/10 MP: 4/4
   233 | D:1      | Killed from afar by a dart slug

Illustrated notes

Levels and vault maps discovered:
D:1:      heliophobic_arrival_glass_houses, layout_basic, minmay_misc_feat_chi

Action                   || total
-------------------------++-------
 Cast: Shock             ||     4
Dodge: Dodged            ||     1
